 Dungeon Crawl Stone Soup version 0.18.1-6-gd335043 (webtiles) character file.

40 FitzyFitz the Sneak (level 3, 0/31 HPs)
             Began as a Demigod Assassin on May 16, 2016.
             Succumbed to an adder's poison
             ... on level 2 of the Dungeon.
             The game lasted 00:02:58 (1247 turns).

FitzyFitz the Sneak (Demigod Assassin)              Turns: 1247, Time: 00:02:58

Health: 0/31       AC:  4    Str: 14    XL:     3   Next: 14%
Magic:  5/5        EV: 11    Int: 17    God:
Gold:   25         SH:  0    Dex: 21    Spells: 0 memorised, 2 levels left

rFire  . . .     SeeInvis .     a - +2 dagger
rCold  . . .     Gourm    .     j - +0 leather armour (curse)
rNeg   . . .     Faith    .     (no shield)
rPois  .         Spirit   .     (no helmet)
rElec  .         Dismiss  .     d - +0 cloak
rCorr  .         Reflect  .     (no gloves)
SustAt +         Harm     .     (no boots)
MR     .....     Clarity  +     (no amulet)
Stlth  +++.......               (no ring)
                                n - +4 ring of dexterity

@: lethally poisoned (0 -> -3), flying, not resistant to hostile enchantments,
fairly stealthy
A: clarity, high mp 1, subdued magic 1, sustain attributes
a: no special abilities


You were on level 2 of the Dungeon.
You were not hungry.

You visited 1 branch of the dungeon, and saw 2 of its levels.

You collected 25 gold pieces.

Inventory:

Hand Weapons
 a - a +2 dagger (weapon)
 b - a +0 blowgun
 p - a +0 hand axe
Missiles
 e - 3 poisoned needles
 f - 2 curare-tipped needles
 l - 48 stones (quivered)
Armour
 c - a +0 robe
 d - a +0 cloak (worn)
 j - a cursed +0 leather armour (worn)
 m - a +0 hat
Jewellery
 n - a +4 ring of dexterity (left hand)
 r - a +5 amulet of reflection {unknown}
Scrolls
 q - a scroll of teleportation {unknown}
Comestibles
 g - 3 bread rations
 h - 5 fruits
 o - a meat ration
 s - a chunk of flesh


   Skills:
 + Level 3.4 Fighting
 - Level 1.7 Short Blades
 - Level 1.7 Throwing
 - Level 0.8 Dodging
 - Level 3.6 Stealth


You had 2 spell levels left.
You didn't know any spells.

Dungeon Overview and Level Annotations

Branches:
Dungeon (2/15)


Innate Abilities, Weirdness & Mutations

You have an increased reservoir of magic (+10% MP).
Your attributes are resistant to harm.
You possess an exceptional clarity of mind.
Your spells are a little easier to cast, but a little less powerful.


Message History

You have reached level 3!
Your experience leads to an increase in your attributes!
Your base attributes are Str 14, Int 15, Dex 17.
Increase (S)trength, (I)ntelligence, or (D)exterity?
You feel clever. x2
There is a lethal amount of poison in your body!
Drink which item? (? for menu, Esc to quit)
It was a potion of flight.
You feel very buoyant.
You fly up into the air.
Drink which item? (? for menu, Esc to quit)
It was a potion of mutation.
You feel extremely strange.
Your connection to magic feels subdued.
Your thoughts seem clearer.
* * * LOW HITPOINT WARNING * * *
You feel sick.
There is a lethal amount of poison in your body!
There is a lethal amount of poison in your body!
* * * LOW HITPOINT WARNING * * *
You feel sick.
You die...

.#.##....#...#
.#...........#
#####........########
......<......'.......
#####....#...########
.................#
################.#
#.# #@# #†# #.# #.#
#(# #.# #.# #.# (.#


There were no monsters in sight!

Vanquished Creatures
  An adder (D:2)
  A dart slug (D:2)
  A giant gecko (D:1)
  2 giant cockroaches
  3 goblins (D:1)
  4 hobgoblins (D:1)
  4 kobolds (D:1)
  3 bats
  4 giant newts (D:1)
  7 rats
30 creatures vanquished.

Notes
Turn   | Place    | Note
--------------------------------------------------------------
     0 | D:1      | FitzyFitz the Demigod Assassin began the quest for the Orb.
     0 | D:1      | Reached XP level 1. HP: 17/17 MP: 3/3
   314 | D:1      | Reached XP level 2. HP: 21/25 MP: 4/4
  1239 | D:2      | Reached XP level 3. HP: 3/31 MP: 5/5
  1241 | D:2      | Gained mutation: Your spells are a little easier to cast, but a little less powerful. [potion of mutation]
  1241 | D:2      | Gained mutation: You possess an exceptional clarity of mind. [potion of mutation]
  1244 | D:2      | HP: 1/31 [poisoned by an adder]
  1247 | D:2      | Succumbed to an adder's poison

Skill      XL: |  1  2 |
---------------+-------+-----
Fighting       | 2 3 |  3.4
Short Blades   | |  1.7
Throwing       | |  1.7
Dodging        | |  0.8
Stealth        | |  3.6

Action                   || total
-------------------------++-------
Melee: Dagger            ||    80
 Fire: Blowgun           ||     8
Throw: Stone             ||     5
  Use: Potion            ||     2
 Stab: Sleeping          ||     5
  Eat: Chunk             ||     1
Armor: Leather armour    ||    21
Dodge: Dodged            ||    45
